 Dungeon Crawl Stone Soup version 0.31-a0-237-g2d982f9f85 (webtiles) character file.

Game seed: 3202181200861595170

3444 Newt the Skirmisher (level 10, -3/59 HPs)
             Began as a Kobold Hunter on July 11, 2023.
             Blown up by Joseph (21 damage)
             ... with a mindburst bolt
             ... on level 8 of the Dungeon.
             The game lasted 00:09:11 (7734 turns).

Newt the Skirmisher (Kobold Hunter)                 Turns: 7734, Time: 00:09:11

Health: -3/59      AC:  7    Str:  8    XL:     10   Next: 26%
Magic:  18/18      EV: 18    Int: 10    God:
Gold:   293        SH:  0    Dex: 21    Spells: 17/19 levels left

rFire   + . .        q - +0 sling
rCold   x . .        k - orb {guile}
rNeg    + . .        A - +2 leather armour "Reroohiwne" {rN+ Int-3 Slay+2 SInv}
rPois   .            z - +1 hat
rElec   .            t - +0 cloak
rCorr   .            (no gloves)
SInv    +            (no boots)
Will    .....        G - amulet of faith
Stlth   +++          v - ring of see invisible
HPRegen 0.29/turn    e - ring of fire
MPRegen 0.16/turn

%: faith
@: brilliant
A: small, no large weapons, nightstalker 3
a: no special abilities


You were on level 8 of the Dungeon.
You visited 2 branches of the dungeon, and saw 9 of its levels.
You also visited: Ossuary.

You collected 588 gold pieces.
You spent 295 gold pieces at shops.

Inventory:

Hand Weapons
 a - a +0 shortbow
 q - a +0 sling (weapon)
 y - the +6 sling of Strategic Superiority {flame, rF- rN+ Str+6}
   (You found it on level 4 of the Dungeon)

   Str:       It affects your strength (+6).
   rF:        It makes you vulnerable to fire.
   rN:        It protects you from negative energy.
Missiles
 D - 5 throwing nets
Armour
 c - a +0 leather armour
 k - an orb of guile (worn)
 t - a +0 cloak (worn)
 x - a +0 helmet
 z - a +1 hat (worn)
 A - the +2 leather armour "Reroohiwne" (worn) {rN+ Int-3 Slay+2 SInv}
   (You bought it in a shop on level 1 of the Dungeon)

   Int:       It affects your intelligence (-3).
   Slay:      It affects your accuracy & damage with ranged weapons and melee
   (+2).
   rN:        It protects you from negative energy.
   SInv:      It lets you see invisible.
Jewellery
 e - a ring of fire (right hand)
 v - a ring of see invisible (left hand)
 G - an amulet of faith (around neck)
 H - a ring of positive energy
Wands
 I - a wand of polymorph (7)
Scrolls
 b - 2 scrolls of butterflies
 f - 3 scrolls of vulnerability
 i - a scroll of revelation
 l - a scroll of immolation
 n - 2 scrolls of silence
 o - 3 scrolls of teleportation
 E - a scroll of blinking
Potions
 d - 2 potions of invisibility
 g - 5 potions of curing
 h - 2 potions of enlightenment
 j - 7 potions of brilliance
 m - 3 potions of cancellation
 p - a potion of heal wounds
 r - 2 potions of resistance
 s - 2 potions of lignification
 u - 2 potions of berserk rage
 w - 2 potions of mutation
 B - 2 potions of haste
 C - a potion of attraction {unknown}
 F - 2 potions of ambrosia {unknown}


   Skills:
 - Level 5.0 Fighting
 + Level 11.6 Ranged Weapons
 - Level 6.0 Dodging
 - Level 1.3 Stealth
 - Level 5.4 Spellcasting
 - Level 5.3 Hexes
 - Level 5.3 Ice Magic


You had 17 spell levels left.
You knew the following spells:

 Your Spells              Type           Power      Damage    Failure   Level
a - Ensorcelled Hibernat  Hex/Ice        40%        N/A       5%          2

Your spell library contained the following spells:

 Spells                   Type           Power      Damage    Failure   Level
 Magic Dart               Conj           16%        1d3       32%         1
 Sandblast                Erth           8%         2d5       32%         1
 Call Imp                 Summ           8%         N/A       43%         2
 Cigotuvi's Dreadful Rot  Necr/Pois/Air  8%         N/A       43%         2
 Passwall                 Tmut/Erth      3%         N/A       43%         2
 Searing Ray              Conj           8%         2d4       43%         2
 Ignite Poison            Fire/Tmut/Pois 6%         N/A       67%         3
 Mephitic Cloud           Conj/Pois/Air  4%         N/A       67%         3
 Stone Arrow              Conj/Erth      8%         3d7       67%         3
 Swiftness                Air            4%         N/A       67%         3
 Fulminant Prism          Conj/Hex       6%         3d7       71%         4
 Freezing Cloud           Conj/Ice/Air   4%         6-21      99%         5


Dungeon Overview and Level Annotations

Branches:
Dungeon (8/15)             Temple (1/1) D:4         Ossuary (visited)
   Lair: D:8-11

Altars:
Ashenzari
Cheibriados
Dithmenos
Gozag
Kikubaaqudgha
Makhleb
Nemelex Xobeh
Qazlal
Ru
Sif Muna
Trog
Uskayaw
Vehumet
Xom
Yredelemnul
Zin
The Shining One

Shops:
D:1 [   D:7 (

Annotations:
D:8 Joseph


Innate Abilities, Weirdness & Mutations

You are small and have problems with some larger weapons.
You are completely attuned to the shadows.


Message History

Casting: Ensorcelled Hibernation (safe; 5% risk of failure)
Confirm with . or Enter, or press ? or * to list all spells.
Aiming: Ensorcelled Hibernation (safe; 5% risk of failure)
Press: ? - help, Shift-Dir - straight line, f/p - Joseph
Aim: Joseph, wielding a +0 quarterstaff, wearing a +0 leather armour and carrying a wand of mindburst (6) (severely wounded, not susceptible)
Okay, then.
Unknown command.
Unknown command.
You shoot a sling bullet. The sling bullet barely misses Joseph.
Joseph hits you but does no damage.
You shoot a sling bullet. The sling bullet barely misses Joseph.
Joseph closely misses you.
You shoot a sling bullet. The sling bullet hits Joseph.
Joseph is severely wounded.
You shoot a sling bullet. The sling bullet barely misses Joseph.
Joseph zaps a wand.
Your mind is blasted!
You shoot a sling bullet. The sling bullet barely misses Joseph.
Joseph hits you with a +0 quarterstaff.
Unknown command.
You feel clever all of a sudden. Joseph hits you with a +0 quarterstaff!
* * * LOW HITPOINT WARNING * * *
You feel much better. Joseph misses you.
You shoot a sling bullet. The sling bullet hits Joseph.
Joseph is almost dead.
Joseph barely misses you.
You shoot a sling bullet. The sling bullet hits Joseph.
Joseph is almost dead.
Joseph misses you.
You shoot a sling bullet.
The sling bullet hits Joseph but does no damage.
Joseph is almost dead.
Joseph zaps a wand.
Your mind is blasted!
You shoot a sling bullet.
The sling bullet completely misses Joseph.
Joseph zaps a wand.
Your mind is blasted!
You shoot a sling bullet. The sling bullet hits Joseph.
Joseph is almost dead.
Joseph zaps a wand.
Your mind is blasted!
You die...

..... ...#
#..#
####..####
..........
####..#####
+...>......
####@######
#<@..#
#....#
#.#[...
#.#..#..
#.#####. #.


You could see Joseph.

Vanquished Creatures
  Pikel (D:6)
  Prince Ribbit (D:6)
  A slime creature (D:6)
  2 water moccasins (D:5)
  3 ice beasts
  A sky beast (D:7)
  2 lemures (D:6)
  A phantom (D:6)
  2 kobold brigands
  2 elf zombies (D:5)
  A bullfrog (D:7)
  2 scorpions (D:6)
  An elf skeleton (D:5)
  7 wights (D:7)
  3 howler monkeys (D:7)
  2 gnoll boudas
  2 human zombies (D:5)
  A hound (D:6)
  4 jellies (D:6)
  3 human skeletons (D:5)
  5 iguanas
  Crazy Yiuf (D:3)
  2 orc wizards
  8 mummies (Ossuary)
  Robin (D:4)
  6 adders
  18 gnolls
  A white imp (D:6)
  A worm (D:5)
  4 dart slugs
  17 orcs
  9 ball pythons
  8 endoplasms
  4 giant cockroaches
  14 goblins
  7 hobgoblins
  4 jackals (D:3)
  6 quokkas
  5 bats
  4 frilled lizards
  2 gnoll zombies (Ossuary)
  2 hobgoblin zombies (Ossuary)
  17 kobolds
  3 kobold zombies (Ossuary)
  An orc skeleton (D:5)
  3 orc zombies
  3 rats
198 creatures vanquished.

Notes
Turn   | Place    | Note
-------+----------+-------------------------------------------
     0 | D:1      | Newt the Kobold Hunter began the quest for the Orb.
     0 | D:1      | Reached XP level 1. HP: 12/12 MP: 1/1
   128 | D:1      | Reached XP level 2. HP: 18/18 MP: 2/2
   240 | D:1      | Found a faded altar of an unknown god.
   258 | D:1      | Reached XP level 3. HP: 18/23 MP: 3/3
   448 | D:1      | Found Hotoshi's Armour Shoppe.
   999 | D:2      | Reached XP level 4. HP: 30/30 MP: 4/4
  1142 | D:2      | Identified the +5 sling of Riocena {heavy, rPois rF+ rC-
                  | Int+3}
  2156 | D:3      | Reached skill level 5 in Fighting
  2349 | D:3      | Found a runed translucent door.
  2352 | D:3      | Noticed Crazy Yiuf
  2356 | D:3      | Killed Crazy Yiuf
  2357 | D:3      | Reached XP level 5. HP: 35/35 MP: 5/5
  2619 | D:4      | Reached skill level 6 in Ranged Weapons
  2639 | D:4      | Noticed Robin
  2649 | D:4      | Killed Robin
  2729 | D:4      | Found a staircase to the Ecumenical Temple.
  2750 | Temple   | Entered the Ecumenical Temple
  2897 | D:4      | Reached skill level 7 in Ranged Weapons
  2939 | D:4      | Identified the +6 sling of Strategic Superiority {flame,
                  | rF- rN+ Str+6}
  2970 | D:4      | Reached XP level 6. HP: 40/40 MP: 6/6
  3227 | D:4      | Reached skill level 8 in Ranged Weapons
  3402 | D:5      | Entered Level 5 of the Dungeon
  3424 | D:5      | Found a sand-covered staircase.
  3433 | D:5      | Reached XP level 7. HP: 24/44 MP: 7/7
  3506 | Ossuary  | Entered an ossuary
  3523 | Ossuary  | Reached skill level 9 in Ranged Weapons
  3861 | D:1      | Bought the +2 leather armour "Reroohiwne" {rN+ Int-3 Slay+2
                  | SInv} for 295 gold pieces
  4088 | D:5      | Noticed a water moccasin
  4093 | D:5      | Killed a water moccasin
  4094 | D:5      | Reached skill level 10 in Ranged Weapons
  4094 | D:5      | Reached skill level 1 in Spellcasting
  4094 | D:5      | Reached skill level 1 in Hexes
  4094 | D:5      | Reached skill level 1 in Ice Magic
  4244 | D:5      | Found an ancient bone altar of Kikubaaqudgha.
  4244 | D:5      | Found a shimmering altar of Xom.
  4262 | D:5      | Reached XP level 8. HP: 49/49 MP: 9/9
  5055 | D:6      | Noticed Prince Ribbit
  5063 | D:6      | Killed Prince Ribbit
  5064 | D:6      | Reached XP level 9. HP: 41/54 MP: 13/15
  5110 | D:6      | Learned a level 2 spell: Ensorcelled Hibernation
  5255 | D:6      | Noticed Pikel
  5268 | D:6      | Killed Pikel
  5269 | D:6      | Reached skill level 5 in Spellcasting
  5384 | D:6      | Reached skill level 5 in Hexes
  5384 | D:6      | Reached skill level 5 in Ice Magic
  6290 | D:7      | Found Zorecry's Antique Weapon Shop.
  6338 | D:7      | Reached skill level 5 in Dodging
  6338 | D:7      | Reached XP level 10. HP: 59/59 MP: 18/18
  6876 | D:7      | Found a sparkling altar of Nemelex Xobeh.
  6968 | D:7      | Reached skill level 11 in Ranged Weapons
  7479 | D:8      | Noticed Joseph
  7734 | D:8      | Blown up by Joseph

Illustrated notes

Levels and vault maps discovered:
D:1:      onia_arrival_mini_spirals, layout_basic, serial_shops,
          nicolae_shop_real_fake_doors, chequers_ecumenical_altar_simple
D:2:      layout_basic, kennysheep_small_spiral
D:3:      layout_loops_cross, uniq_crazy_yiuf_cottage
D:4:      layout_basic, minmay_temple_entry_trees, feat_on_display, uniq_robin
D:5:      layout_basic, gammafunk_temple_overflow_wave,
          nicolae_ossuary_entry_catacombs
D:6:      cheibrodos_fertilizer, layout_loops_ring, serial_bayou_ford_a,
          hangedman_decor_points, uniq_pikel, uniq_prince_ribbit1
D:7:      layout_gridville, nemelex_spade_bored_becter, serial_shops, shop
D:8:      layout_basic, mainiacjoe_overflow_catwalk, nzn_hepliaklqana_mist_gate,
          hellmonk_lair_entry_icy, serial_shops, shop, uniq_joseph
Temple:   nicolae_temple_ecumenical_triangle

Skill      XL: |  1  2  3  4  5  6  7  8  9 10 |
---------------+-------------------------------+-----
Fighting       | 3 4 5 |  5.0
Ranged Weapons | 7 8 10 11 | 11.6
Spellcasting   | 1 4 5 |  5.4
Hexes          | 1 4 5 |  5.3
Ice Magic      | 1 4 5 |  5.3
Dodging        | 5 6 |  6.0
Stealth        | |  1.3

Action                     |  1- 3 |  4- 6 |  7- 9 | 10-12 || total
---------------------------+-------+-------+-------+-------++-------
   Fire: Shortbow          |    74 |   156 |       |       ||   230
         Sling             |       |    34 |   242 |   149 ||   425
  Throw: Throwing net      |       |       |       |     1 ||     1
   Cast: Ensorcelled Hiber |       |       |     6 |     5 ||    11
    Use: Scroll            |     2 |     7 |     6 |     2 ||    17
         Potion            |       |     1 |     2 |     3 ||     6
 Armour: Leather armour    |     3 |    17 |    17 |    14 ||    51
  Dodge: Dodged            |    33 |    64 |    55 |    71 ||   223

Table legend: (Time is in decaauts)
 A = Elapsed time spent in this place.
 B = Non-inter-level travel time spent in this place.
 C = Inter-level travel time spent in this place.
 D = Time resting spent in this place.
 E = Time spent auto-exploring this place.
 F = Levels seen in this place.
 G = Mean time per level.
                   A        B        C        D        E       F      G
               +--------+--------+--------+--------+--------+-----+--------+
         Total |   7751 |   7312 |    439 |    891 |   5273 |  10 |  775.1 |
       Dungeon |   7455 |   7022 |    433 |    891 |   5062 |   8 |  931.9 |
        Temple |     62 |     56 |      6 |      0 |     44 |   1 |   62.0 |
       Ossuary |    232 |    232 |      0 |      0 |    167 |   1 |  232.0 |
               +--------+--------+--------+--------+--------+-----+--------+

Top non-repeatable levels by time:
     D:7: 1474 daAuts
     D:6: 1197 daAuts
     D:5: 1140 daAuts
     D:2: 968 daAuts
     D:4: 930 daAuts
     D:3: 855 daAuts
     D:1: 836 daAuts
 Ossuary: 232 daAuts
  Temple: 62 daAuts
     D:8: 52 daAuts
